Map: Bel'Shir Vestige LE (Void)

Players

Words

  • Race: Terran Terran
  • Spawn Location: 11:00

MaSa - Winner!

  • Race: Terran Terran
  • Spawn Location: 5:00

Event: WCS Austin 2017

VOD

Have the link to the VOD?

Description

Time

  • Played on: April 28, 2017, 1:29 p.m.
  • Length: 3:45

All games in this series

Show
View Real Time Build Order
Export as new Build Order

Words Terran 

Build Orders: Reaper Expand 

Get SALT Encoding   

  12  0:01  SCV  
  13  0:13  SCV  
  14  0:17  Supply Depot  
  14  0:25  SCV  
  15  0:28  Refinery  
  15  0:39  SCV  
  16  0:44  Barracks  
  16  0:51  SCV  
  17  1:03  SCV  
  18  1:15  SCV  
  19  1:31  Orbital Command  
  19  1:32  Reaper  
  20  1:48  Command Center  
  20  1:54  Supply Depot  
  20  1:58  SCV  
  21  2:04  Reaper  
  22  2:11  SCV  
  22  2:15  Factory  
  23  2:24  SCV  
  23  2:26  Refinery  
  23  2:48  Barracks Reactor  
  23  2:56  SCV  
  24  3:01  Hellion  
  24  3:05  Starport  
  25  3:09  SCV  
Show
View Real Time Build Order
Export as new Build Order

MaSa Terran - Winner!

Build Orders: Reaper Expand 

Get SALT Encoding   

  12  0:01  SCV  
  13  0:13  SCV  
  14  0:17  Supply Depot  
  14  0:25  SCV  
  15  0:29  Refinery  
  15  0:39  SCV  
  16  0:44  Barracks  
  16  0:51  SCV  
  17  1:03  SCV  
  18  1:15  SCV  
  19  1:31  Reaper, Orbital Command  
  20  1:47  Command Center  
  20  1:55  Factory  
  20  1:56  SCV  
  21  2:03  Refinery  
  21  2:06  Reaper  
  22  2:12  Supply Depot  
  22  2:15  SCV  
  23  2:34  SCV  
  24  2:42  Barracks Reactor  
  23  2:46  SCV  
  23  2:48  Hellion  
  26  2:55  Starport  
  27  2:58  SCV  
  27  3:00  Orbital Command  
  27  3:10  Hellion, SCV  
  30  3:22  SCV  
  31  3:28  SCV  
  34  3:34  Starport Tech Lab  
Tags
 
Add a new tag
Caveats
  • Supply blocks, unpowered buildings, or Contaminate may cause inaccurate times.
  • Supply counts are checked every 10 seconds.